[Event "42nd Olympiad Baku 2016 Open"]
[Site "Baku"]
[Date "2016.09.06"]
[Round "5.5"]
[White "Mok, Tze-Meng"]
[Black "Ismael, Namir Mohammed Isma"]
[Result "0-1"]
[ECO "B28"]
[WhiteElo "2373"]
[BlackElo "2161"]
[Annotator ""]
[PlyCount "202"]
[EventDate "2016.??.??"]
[EventType "team-tourn"]
[EventCountry "AZE"]
[SourceTitle "playchess.com"]
[Source "ChessBase"]
[WhiteTeam "Malaysia"]
[BlackTeam "Iraq"]
[WhiteTeamCountry "MAS"]
[BlackTeamCountry "IRQ"]
[TimeControl "40/5400+30:1800+30"]

1. e4 {(00:00)} c5 {(00:00)} 2. Nf3 {(00:43)} a6 {(
00:00)} 3. c3 {(00:45)} d5 {(00:07)} 4. exd5 {(00:15)}
Qxd5 {(00:13)} 5. d4 {(00:18)} e6 {(00:22)} 6. Bd3 {
(02:11)} Nf6 {(01:12)} 7. O-O {(00:16)} Be7 {(05:
14)} 8. Re1 {(05:26)} cxd4 {(04:42)} 9. cxd4 {(02:02)} Nc6
{(02:19)} 10. Nc3 {(00:19)} Qd6 {(01:39)} 11. Bg5 {
(02:37)} O-O {(04:30)} 12. Qe2 {(06:37)} Nb4 {(20:
49)} 13. Bb1 {(04:39)} Nbd5 {(20:01)} 14. Ne5 {(11:29)}
Bd7 {(21:57)} 15. Qd3 {(08:28)} g6 {(01:42)} 16. Qf3 {
(10:34)} Bc6 {(05:15)} 17. Qh3 {(06:58)} Nxc3 {(02:
34)} 18. bxc3 {(00:30)} Nh5 {(04:36)} 19. Bh6 {(04:38)}
Rfe8 {(00:21)} 20. Bd3 {(06:28)} Rac8 {(00:23)} 21. Re3 {
(02:59)} Nf6 {(01:58)} 22. Bg5 {(03:18)} Rf8 {(00:
32)} 23. Qh4 {(02:58)} Qd8 {(00:31)} 24. Rh3 {(02:39)} h5
{(00:15)} 25. Rg3 {(04:51)} Be8 {(00:39)} 26. Be2 {
(09:01)} Kg7 {(00:21)} 27. Bxf6+ {(01:21)} Bxf6 {(
00:04)} 28. Qe4 {(00:26)} Qd5 {(00:58)} 29. Qxd5 {(00:29)}
exd5 {(00:02)} 30. Bxh5 {(00:10)} Bc6 {(00:57)} 31. Be2 {
(00:54)} Rc7 {(00:29)} 32. f4 {(00:39)} Bd7 {(00:
36)} 33. Rf1 {(00:42)} Bf5 {(00:24)} 34. Re3 {(00:11)}
Rfc8 {(00:32)} 35. g4 {(00:08)} Be4 {(00:28)} 36. c4 {
(00:06)} g5 {(00:41)} 37. h4 {(01:48)} gxf4 {(00:
14)} 38. Rxf4 {(00:03)} Bxh4 {(00:36)} 39. g5 {(00:35)}
Bxg5 {(00:07)} 40. Rg3 {(00:00)} f6 {(00:00)} 41. c5 {
(00:45)} Rh8 {(13:48)} 42. Bf3 {(00:46)} Bxf3 {(00:
00)} 43. Rfxf3 {(03:32)} Rh4 {(01:21)} 44. Ng4 {(00:54)}
Kg6 {(08:43)} 45. Rd3 {(16:49)} Re7 {(01:08)} 46. Ne3 {
(00:07)} Ree4 {(02:08)} 47. Nxd5 {(01:27)} Rxd4 {(
00:10)} 48. Ne7+ {(00:11)} Kf7 {(03:15)} 49. Nf5 {(01:02)}
Rxd3 {(00:14)} 50. Rxd3 {(00:01)} Rg4+ {(00:59)} 51. Kh1 {
(00:19)} Rb4 {(01:13)} 52. Kg2 {(05:26)} Bf4 {(00:
10)} 53. Kf3 {(00:31)} Be5 {(00:05)} 54. Ke3 {(00:51)} Rb5
{(01:22)} 55. Ke4 {(00:53)} Rxc5 {(01:18)} 56. Rd7+ {
(00:07)} Kg6 {(00:56)} 57. Rxb7 {(01:23)} Ra5 {(00:
48)} 58. Rg7+ {(00:10)} Kh5 {(00:09)} 59. Rg2 {(00:28)}
Ra4+ {(00:46)} 60. Kd5 {(00:17)} Rg4 {(01:16)} 61. Rc2 {
(02:21)} Kg5 {(01:01)} 62. Ke6 {(00:15)} Rb4 {(00:
27)} 63. Rg2+ {(00:21)} Kf4 {(00:21)} 64. Rf2+ {(00:00)}
Ke4 {(00:26)} 65. Re2+ {(00:03)} Kd3 {(00:22)} 66. Re3+ {
(00:37)} Kc4 {(00:27)} 67. Ne7 {(03:15)} Rb6+ {(01:
04)} 68. Kf5 {(00:17)} a5 {(00:18)} 69. Re4+ {(02:12)} Bd4
{(00:11)} 70. Re2 {(00:36)} Rb5+ {(00:45)} 71. Kg6 {
(00:12)} Rb2 {(00:43)} 72. Rxb2 {(00:48)} Bxb2 {(
00:07)} 73. Kf5 {(00:29)} a4 {(00:16)} 74. Ke4 {(00:04)}
Be5 {(00:39)} 75. Nc6 {(00:28)} Ba1 {(00:55)} 76. Ne7 {
(00:16)} Kb4 {(00:30)} 77. Nd5+ {(00:45)} Ka3 {(00:
20)} 78. Nb6 {(00:07)} Bc3 {(00:55)} 79. Kd3 {(00:19)} Ba5
{(00:30)} 80. Nc4+ {(00:04)} Kb4 {(00:09)} 81. Ne3 {
(01:04)} Bd8 {(00:34)} 82. Nc2+ {(00:21)} Kc5 {(00:
13)} 83. Ne3 {(00:14)} Bc7 {(00:38)} 84. Ke4 {(00:55)} Be5
{(00:46)} 85. Kd3 {(00:05)} Bf4 {(00:45)} 86. Nd1 {
(01:30)} Kb4 {(00:30)} 87. Nc3 {(00:40)} Be5 {(00:
08)} 88. Nd5+ {(00:01)} Ka3 {(00:28)} 89. Nb6 {(00:12)}
Bc7 {(00:21)} 90. Nd5 {(00:02)} Bd8 {(00:20)} 91. Nc3 {
(00:15)} f5 {(00:48)} 92. Ke3 {(00:57)} Bg5+ {(00:
14)} 93. Kf3 {(00:11)} Bc1 {(00:47)} 94. Kg3 {(00:47)} Kb4
{(00:45)} 95. Nd5+ {(00:25)} Kc5 {(00:35)} 96. Ne7 {
(00:08)} f4+ 97. Kf3 Kd4 {(00:47)} 98. Nc8 {(01:32)} Kc3 {
(00:39)} 99. Nb6 {(00:28)} a3 {(00:09)} 100. Nd5+ {
(01:37)} Kb2 {(00:20)} 101. Nb4 {(00:21)} Bd2 {(00:
15)} 0-1

[Event "42nd Olympiad Baku 2016 Open"]
[Site "Baku"]
[Date "2016.09.06"]
[Round "5.32"]
[White "Monnaatsheko, Keletshabile"]
[Black "Farley, Terry"]
[Result "0-1"]
[ECO "B22"]
[WhiteElo "1988"]
[BlackElo "2203"]
[Annotator ""]
[PlyCount "98"]
[EventDate "2016.??.??"]
[EventType "team-tourn"]
[EventCountry "AZE"]
[SourceTitle "playchess.com"]
[Source "ChessBase"]
[WhiteTeam "Botswana"]
[BlackTeam "Barbados"]
[WhiteTeamCountry "BOT"]
[BlackTeamCountry "BAR"]
[TimeControl "40/5400+30:1800+30"]

1. e4 {(00:00)} c5 {(00:00)} 2. c3 {(00:00)} d5 {(
00:05)} 3. exd5 {(00:05)} Qxd5 {(00:06)} 4. d4 {(00:06)}
Nc6 {(00:30)} 5. Nf3 {(00:25)} Bf5 {(00:35)} 6. dxc5 {
(00:37)} Qxd1+ {(00:17)} 7. Kxd1 {(00:15)} O-O-O+ {
(00:17)} 8. Ke1 {(02:10)} e5 {(03:23)} 9. b4 {(03:
18)} Nf6 {(09:34)} 10. Bg5 {(06:11)} Be7 {(07:59)} 11. Bb5
{(05:48)} Rhe8 {(00:35)} 12. Na3 {(10:21)} h6 {(02:
37)} 13. Bxf6 {(10:20)} Bxf6 {(00:09)} 14. Bxc6 {(00:18)}
bxc6 {(00:11)} 15. Nc4 {(00:36)} Be7 {(16:58)} 16. Nfd2 {
(24:53)} Bd3 {(05:33)} 17. Na5 {(11:58)} Kc7 {(02:
40)} 18. Ndc4 {(00:26)} e4 {(02:03)} 19. Rc1 {(01:56)} Bg5
{(00:24)} 20. Ne3 {(00:42)} g6 {(08:42)} 21. h4 {(
02:56)} Bf4 {(03:58)} 22. g3 {(01:15)} Be5 {(00:36)} 23.
Nac4 {(00:44)} Bh8 {(04:50)} 24. a4 {(02:17)} a6 {(
01:47)} 25. Nd6 {(00:22)} Rf8 {(12:08)} 26. h5 {(00:49)}
Bg7 {(03:24)} 27. Ng2 {(03:46)} g5 {(03:51)} 28. Ne3 {
(00:25)} Be5 {(04:29)} 29. Ndf5 {(04:21)} a5 {(01:
06)} 30. bxa5 {(03:41)} Ra8 {(01:34)} 31. Ng4 {(01:25)}
Bh8 {(00:21)} 32. Ngxh6 {(01:04)} Rxa5 {(00:40)} 33. Nd6 {
(00:54)} Rxc5 {(00:14)} 34. Ndxf7 {(00:50)} Bxc3+ {
(01:31)} 35. Kd1 {(00:19)} Rb8 {(01:10)} 36. Nxg5 {
(00:29)} Kd7 {(01:33)} 37. Rh4 {(01:00)} Rb2 {(01:
39)} 38. Rxe4 Bxe4 {(00:13)} 39. Rxc3 {(00:56)} Rxc3 {(00:
48)} 40. Nxe4 {(00:00)} Ra3 {(00:00)} 41. Nd2 {(06:38)}
Rd3 {(00:56)} 42. Ng4 {(00:15)} Rdxd2+ {(01:32)} 43. Ke1 {
(00:02)} Rd4 {(03:07)} 44. Ne3 {(01:49)} Rxa4 {(00:
20)} 45. Kf1 {(00:17)} Raa2 {(01:04)} 46. Ng4 {(00:47)}
Ke6 {(00:43)} 47. h6 {(00:29)} Kf5 {(03:52)} 48. h7 {
(00:34)} Ra8 {(01:02)} 49. Nh6+ {(00:09)} Ke6 0-1

[Event "42nd Olympiad Baku 2016 Open"]
[Site "Baku"]
[Date "2016.09.06"]
[Round "5.20"]
[White "Moroni, Luca Jr"]
[Black "Schandorff, Lars"]
[Result "1/2-1/2"]
[ECO "D11"]
[WhiteElo "2459"]
[BlackElo "2515"]
[Annotator ""]
[PlyCount "90"]
[EventDate "2016.??.??"]
[EventType "team-tourn"]
[EventCountry "AZE"]
[SourceTitle "playchess.com"]
[Source "ChessBase"]
[WhiteTeam "Italy"]
[BlackTeam "Denmark"]
[WhiteTeamCountry "ITA"]
[BlackTeamCountry "DEN"]
[TimeControl "40/5400+30:1800+30"]

1. d4 {(00:00)} d5 {(00:00)} 2. c4 {(00:00)} c6 {(
00:00)} 3. Nf3 {(00:00)} Nf6 {(00:00)} 4. e3 {(00:00)} Bg4
{(02:38)} 5. h3 {(00:18)} Bxf3 {(01:07)} 6. Qxf3 {(
00:06)} e6 {(00:07)} 7. Nc3 {(01:19)} Nbd7 {(01:13)} 8.
Bd3 {(03:08)} Bb4 {(02:35)} 9. Bd2 {(04:55)} O-O {(
02:05)} 10. a3 {(05:07)} Ba5 {(01:05)} 11. b4 {(05:46)}
Bc7 {(00:17)} 12. O-O {(04:34)} Re8 {(03:54)} 13. Rfd1 {
(13:23)} a6 {(09:34)} 14. e4 {(10:15)} e5 {(11:47)}
15. exd5 {(11:25)} exd4 {(02:03)} 16. Ne4 {(02:12)} cxd5 {
(00:45)} 17. cxd5 {(02:23)} Nxe4 {(24:33)} 18. Bxe4 {
(00:02)} Nf6 {(00:14)} 19. Re1 {(05:56)} Qd6 {(08:
30)} 20. g3 {(02:53)} Rxe4 {(03:01)} 21. Rxe4 {(00:14)}
Qxd5 {(00:19)} 22. Rae1 {(02:20)} Nxe4 {(09:00)} 23. Rxe4
{(01:38)} Rf8 {(01:15)} 24. Qg4 {(11:40)} f5 {(03:
22)} 25. Rxd4 {(00:22)} fxg4 {(00:46)} 26. Rxd5 {(00:01)}
gxh3 {(02:19)} 27. f4 {(05:05)} Rd8 {(00:41)} 28. Rxd8+ {
(00:25)} Bxd8 {(00:05)} 29. a4 {(01:59)} Kf7 {(02:
51)} 30. Kh2 {(00:36)} Ke6 {(02:51)} 31. Kxh3 {(01:20)}
Kd5 {(02:09)} 32. Kg4 {(04:53)} Ke4 {(02:34)} 33. f5 {
(01:04)} Bf6 {(00:43)} 34. Bf4 {(00:53)} Be7 {(01:
36)} 35. b5 {(00:44)} axb5 {(00:45)} 36. axb5 {(00:01)}
Bd8 {(00:39)} 37. Bc1 {(00:55)} Bf6 {(00:13)} 38. Ba3 {
(00:32)} Be5 {(00:43)} 39. Bf8 {(00:30)} Bd4 {(00:
29)} 40. Ba3 {(00:00)} Be5 {(00:00)} 41. Bf8 {(08:31)} Bf6
{(06:40)} 42. Ba3 {(01:57)} Kd5 {(14:58)} 43. Kh5 {
(02:36)} Kc4 {(00:20)} 44. g4 {(01:17)} Kxb5 {(00:
32)} 45. g5 {(00:16)} g6+ {(08:34)} 1/2-1/2

[Event "42nd Olympiad Baku 2016 Open"]
[Site "Baku"]
[Date "2016.09.06"]
[Round "5.3"]
[White "Morris, Charles F"]
[Black "Chipanga, Chiletso"]
[Result "1/2-1/2"]
[ECO "A20"]
[WhiteElo "2127"]
[BlackElo "2082"]
[Annotator ""]
[PlyCount "83"]
[EventDate "2016.??.??"]
[EventType "team-tourn"]
[EventCountry "AZE"]
[SourceTitle "playchess.com"]
[Source "ChessBase"]
[WhiteTeam "Wales"]
[BlackTeam "MAW"]
[WhiteTeamCountry "WLS"]
[TimeControl "40/5400+30:1800+30"]

1. c4 {(00:00)} e5 {(00:00)} 2. g3 {(00:00)} f5 {(
01:37)} 3. d4 {(04:03)} exd4 {(00:29)} 4. Qxd4 {(00:10)}
Nc6 {(01:15)} 5. Qe3+ {(01:11)} Be7 {(00:59)} 6. Nc3 {
(04:27)} Nf6 {(00:41)} 7. Bg2 {(05:17)} O-O {(00:
27)} 8. Nh3 {(07:02)} Nb4 {(13:43)} 9. Qd2 {(00:05)} a5 {
(00:43)} 10. Nf4 {(09:49)} Ra6 {(05:43)} 11. a3 {(
06:26)} Rd6 {(01:37)} 12. Nd3 {(01:54)} Nxd3+ {(12:02)}
13. exd3 {(00:04)} c6 {(02:24)} 14. O-O {(05:05)} Ng4 {
(06:59)} 15. d4 {(03:31)} Bf6 {(06:34)} 16. d5 {(
03:16)} b6 {(01:42)} 17. Qc2 {(11:50)} Bg5 {(04:45)} 18.
h3 {(01:13)} Nh6 {(01:19)} 19. f4 {(02:44)} Be7 {(
00:38)} 20. Be3 {(02:36)} Rg6 {(00:16)} 21. Qf2 {(01:04)}
c5 {(00:26)} 22. Bf3 {(01:29)} Bh4 {(02:24)} 23. Ne2 {
(00:06)} Be7 {(08:32)} 24. Bh5 {(00:47)} Rgf6 {(01:
25)} 25. Bd2 {(03:17)} Nf7 {(00:49)} 26. Bxf7+ {(10:37)}
R8xf7 {(00:41)} 27. a4 {(00:16)} Rh6 {(02:26)} 28. Kh2 {
(02:16)} d6 {(00:43)} 29. Rae1 {(05:22)} Bd7 {(01:
32)} 30. b3 {(00:05)} Bf6 {(03:05)} 31. Bc3 {(01:14)} Bxc3
{(05:15)} 32. Nxc3 {(00:01)} g5 {(03:26)} 33. Qe3 {
(03:17)} Qf8 {(04:11)} 34. Ne2 {(01:20)} Re7 {(02:
08)} 35. Qc3 {(00:02)} g4 {(02:34)} 36. Ng1 {(02:28)} Re4
{(01:18)} 37. h4 {(02:28)} Qe7 {(01:54)} 38. Rxe4 {
(00:56)} fxe4 {(00:01)} 39. Re1 {(00:14)} Bf5 {(00:
17)} 40. Re3 {(00:00)} Kf7 {(00:00)} 41. Kg2 {(02:41)} Rg6
{(05:27)} 42. Ne2 {(03:12)} 1/2-1/2

[Event "42nd Olympiad Baku 2016 Open"]
[Site "Baku"]
[Date "2016.09.06"]
[Round "5.28"]
[White "Mueller, Oliver"]
[Black "Scerbin, Dmitrij"]
[Result "1-0"]
[ECO "D11"]
[WhiteElo "2272"]
[BlackElo "2347"]
[Annotator ""]
[PlyCount "53"]
[EventDate "2016.??.??"]
[EventType "team-tourn"]
[EventCountry "AZE"]
[SourceTitle "playchess.com"]
[Source "ChessBase"]
[WhiteTeam "IBCA"]
[BlackTeam "IPCA"]
[WhiteTeamCountry "GER"]
[BlackTeamCountry "RUS"]
[TimeControl "40/5400+30:1800+30"]

1. d4 d5 2. c4 c6 3. Nf3 dxc4 4. e3 Be6 5. Nc3 b5 6. Be2 Nf6 7. O-O g6 8. a4 b4
9. Nb1 Bg7 10. Ne5 O-O 11. Nxc4 Nbd7 12. b3 c5 13. Bb2 Nd5 14. e4 Nf4 15. d5
Bxb2 16. Nxb2 Bh3 17. gxh3 e6 18. Kh1 Qg5 19. Bf3 Ne5 20. Nd2 Rad8 21. Ndc4
exd5 22. exd5 Nxf3 23. Qxf3 Rxd5 24. Ne3 Rd4 25. Rg1 Qh6 26. Nf5 Qxh3 27. Nxd4
1-0

[Event "42nd Olympiad Baku 2016 Open"]
[Site "Baku"]
[Date "2016.09.06"]
[Round "5.12"]
[White "Muendle, Kurt"]
[Black "Joang Molapo"]
[Result "0-1"]
[ECO "D48"]
[WhiteElo "1857"]
[BlackElo "1685"]
[Annotator ""]
[PlyCount "88"]
[EventDate "2016.??.??"]
[EventType "team-tourn"]
[EventCountry "AZE"]
[SourceTitle "playchess.com"]
[Source "ChessBase"]
[WhiteTeam "Liechtenstein"]
[BlackTeam "Lesotho"]
[WhiteTeamCountry "LIE"]
[BlackTeamCountry "LES"]
[TimeControl "40/5400+30:1800+30"]

1. d4 {(00:00)} d5 {(00:00)} 2. Nf3 {(00:00)} Nf6 {
(00:00)} 3. c4 {(00:00)} c6 {(00:00)} 4. Nc3 {(01:
40)} e6 {(00:17)} 5. e3 {(00:25)} Nbd7 {(00:18)} 6. Bd3 {
(00:56)} dxc4 {(00:20)} 7. Bxc4 {(00:10)} b5 {(00:
07)} 8. Bd3 {(00:34)} a6 {(00:16)} 9. O-O {(01:12)} Bb7 {
(00:23)} 10. e4 {(02:38)} c5 {(01:43)} 11. e5 {(01:
23)} cxd4 {(01:14)} 12. exf6 {(02:10)} dxc3 {(01:02)} 13.
fxg7 {(01:41)} Bxg7 {(00:18)} 14. Rb1 {(03:27)} Nc5 {
(04:12)} 15. Bc2 {(09:20)} Qxd1 {(02:52)} 16. Rxd1 {
(00:58)} cxb2 {(02:13)} 17. Bxb2 {(00:54)} Bxb2 {(
00:38)} 18. Rxb2 {(00:13)} Bd5 {(01:37)} 19. Ne1 {(07:33)}
O-O {(05:33)} 20. Rd4 {(01:09)} Rac8 {(00:56)} 21. Rh4 {
(05:36)} f5 {(00:40)} 22. f3 {(04:39)} Rf7 {(01:13]
} 23. a4 {(08:51)} Bc4 {(02:13)} 24. Rd4 {(02:10)} Kg7 {
(03:13)} 25. axb5 {(03:39)} axb5 {(00:09)} 26. Nd3 {
(02:54)} Rd7 {(12:21)} 27. Rxd7+ {(01:35)} Nxd7 {(
00:19)} 28. Kf2 {(03:44)} Kf6 {(00:45)} 29. f4 {(01:16)}
e5 {(00:57)} 30. fxe5+ {(03:42)} Nxe5 {(00:34)} 31. Nxe5 {
(03:51)} Kxe5 {(00:09)} 32. g3 {(02:27)} h6 {(03:
03)} 33. Ke3 {(02:28)} Ra8 {(00:34)} 34. Bb1 {(04:08)}
Ra3+ {(01:37)} 35. Kf2 {(00:40)} Rb3 {(01:01)} 36. Rxb3 {
(01:08)} Bxb3 {(00:18)} 37. Ke3 {(00:43)} Bc4 {(00:
53)} 38. Kf3 {(08:58)} Bd5+ {(00:39)} 39. Ke3 {(00:31)} b4
{(01:48)} 40. Kd2 {(00:00)} b3 {(00:00)} 41. Kc3 {(
11:21)} Be4 {(01:38)} 42. Bxe4 {(03:51)} Kxe4 {(00:12)}
43. Kxb3 {(00:08)} Kf3 {(00:05)} 44. Kc3 {(02:02)} Kg2 {
(00:11)} 0-1

[Event "42nd Olympiad Baku 2016 Open"]
[Site "Baku"]
[Date "2016.09.06"]
[Round "5.16"]
[White "Muhammed, Shuaau"]
[Black "Matsebula Qiniso"]
[Result "1-0"]
[ECO "C00"]
[WhiteElo "1692"]
[BlackElo "1301"]
[Annotator ""]
[PlyCount "53"]
[EventDate "2016.??.??"]
[EventType "team-tourn"]
[EventCountry "AZE"]
[SourceTitle "playchess.com"]
[Source "ChessBase"]
[WhiteTeam "Maldives"]
[BlackTeam "SWZ"]
[WhiteTeamCountry "MDV"]
[TimeControl "40/5400+30:1800+30"]

1. e4 {(00:00)} e6 {(00:00)} 2. d4 {(01:12)} b6 {(
01:22)} 3. Bd3 {(00:19)} Bb7 {(00:35)} 4. Nf3 {(00:10)} d5
{(01:46)} 5. e5 {(00:21)} Nd7 {(01:15)} 6. O-O {(
00:13)} f6 {(00:35)} 7. Re1 {(00:42)} Ne7 {(01:47)} 8.
exf6 {(01:22)} Nxf6 {(00:32)} 9. Ng5 {(03:18)} Bc8 {
(07:35)} 10. Nxe6 {(00:46)} Bxe6 {(00:23)} 11. Rxe6 {
(00:03)} Kf7 {(03:25)} 12. Rxf6+ {(15:27)} Kxf6 {(
07:48)} 13. Qf3+ {(03:41)} Ke6 {(01:48)} 14. Nc3 {(00:56)}
c6 {(03:18)} 15. Bf4 {(01:39)} g6 {(05:51)} 16. Re1+ {
(01:11)} Kd7 {(00:34)} 17. Qh3+ {(00:25)} Ke8 {(01:
42)} 18. Bxg6+ {(02:28)} hxg6 {(12:33)} 19. Qxh8 {(00:12)}
Qd7 {(01:22)} 20. Qf6 {(01:57)} Kd8 {(02:19)} 21. Qxf8+ {
(00:16)} Qe8 {(00:29)} 22. Qxe8+ {(00:06)} Kxe8 {(
00:16)} 23. Bg5 {(00:02)} Kf7 {(00:43)} 24. Rxe7+ {(00:04]
} Kf8 {(01:06)} 25. f4 {(00:27)} c5 {(00:42)} 26. Nxd5 {
(00:35)} cxd4 {(00:24)} 27. Bh6+ {(00:06)} 1-0

[Event "42nd Olympiad Baku 2016 Open"]
[Site "Baku"]
[Date "2016.09.06"]
[Round "5.25"]
[White "Munkhgal, Gombosuren"]
[Black "Solak, Dragan"]
[Result "0-1"]
[ECO "D43"]
[WhiteElo "2446"]
[BlackElo "2635"]
[Annotator ""]
[PlyCount "88"]
[EventDate "2016.??.??"]
[EventType "team-tourn"]
[EventCountry "AZE"]
[SourceTitle "playchess.com"]
[Source "ChessBase"]
[WhiteTeam "Mongolia"]
[BlackTeam "Turkey"]
[WhiteTeamCountry "MGL"]
[BlackTeamCountry "TUR"]
[TimeControl "40/5400+30:1800+30"]

1. d4 {(00:00)} d5 {(00:00)} 2. c4 {(00:00)} e6 {(
00:00)} 3. Nc3 {(00:10)} Nf6 {(00:00)} 4. Nf3 {(00:14)} c6
{(00:00)} 5. g3 {(00:10)} Nbd7 {(00:26)} 6. Bg2 {(
00:26)} dxc4 {(02:20)} 7. O-O {(00:22)} b5 {(00:53)} 8. e4
{(00:06)} Bb7 {(01:57)} 9. e5 {(00:10)} Nd5 {(00:
34)} 10. Ng5 {(00:07)} Nxc3 {(05:54)} 11. Qf3 {(03:19)}
Qe7 {(34:51)} 12. bxc3 {(00:23)} Nb6 {(00:09)} 13. h4 {
(45:13)} Qd7 {(03:47)} 14. h5 {(04:24)} h6 {(00:49]
} 15. Ne4 {(00:05)} Nd5 {(09:48)} 16. a4 {(00:50)} a5 {
(01:06)} 17. Qg4 {(08:17)} b4 {(04:19)} 18. Rd1 {(
10:38)} Nxc3 {(10:48)} 19. Nxc3 {(00:16)} bxc3 {(00:05)}
20. Ba3 {(01:19)} Bb4 {(01:25)} 21. Qxg7 {(05:20)} O-O-O {
(00:11)} 22. Qg4 {(10:28)} c2 {(02:04)} 23. Rdc1 {(
00:06)} Qxd4 {(00:38)} 24. Qxd4 {(00:09)} Rxd4 {(00:04)}
25. Rxc2 {(00:03)} c3 {(01:03)} 26. Bc1 {(03:50)} Rd1+ {
(01:39)} 27. Kh2 {(00:24)} c5 {(03:23)} 28. Bxb7+ {
(06:25)} Kxb7 {(00:06)} 29. Kg2 {(00:39)} Re1 {(03:
48)} 30. f4 {(00:36)} Rd8 {(00:32)} 31. Kf2 {(00:30)} Rh1
{(01:34)} 32. Kg2 {(00:07)} Rdd1 {(00:28)} 33. g4 {
(00:07)} Rdg1+ {(00:57)} 34. Kf2 {(01:04)} Rxg4 {(
00:24)} 35. Raa2 {(00:14)} Rxh5 {(01:58)} 36. Be3 {(00:49]
} Rh3 {(00:33)} 37. Re2 {(00:32)} Rgg3 {(01:24)} 38. Bc1 {
(00:34)} h5 {(00:45)} 39. f5 {(00:32)} h4 {(02:45)}
40. fxe6 {(00:00)} fxe6 {(00:00)} 41. Bh6 {(03:08)} Kc6 {
(02:04)} 42. Rac2 {(00:15)} Kd5 {(00:41)} 43. Rc1 {
(00:31)} Rh2+ {(00:24)} 44. Kf1 {(00:04)} Rf3+ {(
00:07)} 0-1

[Event "42nd Olympiad Baku 2016 Open"]
[Site "Baku"]
[Date "2016.09.06"]
[Round "5.9"]
[White "Munoz Santana, Jose Lisandro"]
[Black "Wynn Zaw Htun"]
[Result "1-0"]
[ECO "A04"]
[WhiteElo "2439"]
[BlackElo "2407"]
[Annotator ""]
[PlyCount "75"]
[EventDate "2016.??.??"]
[EventType "team-tourn"]
[EventCountry "AZE"]
[SourceTitle "playchess.com"]
[Source "ChessBase"]
[WhiteTeam "Dominican Republic"]
[BlackTeam "Myanmar"]
[WhiteTeamCountry "DOM"]
[BlackTeamCountry "MYA"]
[TimeControl "40/5400+30:1800+30"]

1. Nf3 {(00:00)} c5 {(00:14)} 2. c4 {(01:14)} g6 {(
00:27)} 3. d4 {(02:28)} cxd4 {(00:05)} 4. Nxd4 {(00:04)}
Nc6 {(00:36)} 5. e4 {(00:12)} Nf6 {(00:42)} 6. Nc3 {
(00:09)} d6 {(00:40)} 7. Be2 {(01:25)} Nxd4 {(03:
31)} 8. Qxd4 {(00:52)} Bg7 {(00:09)} 9. Be3 {(00:20)} O-O
{(00:33)} 10. Qd2 {(00:04)} Qa5 {(03:11)} 11. O-O {
(02:12)} Be6 {(01:26)} 12. Rac1 {(09:36)} Rfc8 {(
01:02)} 13. b3 {(00:02)} a6 {(03:49)} 14. f3 {(01:02)} Nd7
{(03:53)} 15. f4 {(07:26)} Nf6 {(10:07)} 16. f5 {(
05:53)} Bd7 {(01:53)} 17. c5 {(10:34)} Bc6 {(12:49)} 18.
Bc4 {(01:15)} Be8 {(10:21)} 19. cxd6 {(11:14)} exd6 {
(10:32)} 20. fxg6 {(20:37)} hxg6 {(00:09)} 21. Rxf6 {
(03:37)} Bxf6 {(00:28)} 22. Nd5 {(00:07)} Qxd2 {(
19:50)} 23. Nxf6+ {(00:06)} Kg7 {(02:42)} 24. Nxe8+ {(00:
07)} Rxe8 {(00:04)} 25. Bxd2 {(00:07)} Rxe4 {(00:23)} 26.
Bc3+ {(01:57)} Kf8 {(02:35)} 27. Rf1 {(08:09)} Re7 {
(01:31)} 28. Rf3 {(03:31)} Rc8 {(04:21)} 29. a4 {(
05:13)} Ke8 {(01:31)} 30. Bf6 {(00:43)} Re4 {(01:05)} 31.
h3 {(04:27)} Rc5 {(00:30)} 32. Rd3 {(00:41)} b5 {(
01:24)} 33. axb5 {(00:06)} axb5 {(00:04)} 34. Rxd6 {(00:
19)} Kf8 {(01:31)} 35. Bd5 {(00:47)} Re1+ {(01:19)} 36.
Kf2 {(00:38)} Rcc1 {(00:17)} 37. Rd8+ {(00:12)} Re8 {
(00:08)} 38. Rd7 {(00:14)} 1-0

[Event "42nd Olympiad Baku 2016 Open"]
[Site "Baku"]
[Date "2016.09.06"]
[Round "5.7"]
[White "Mushore, Emarald Takudzwa"]
[Black "Gadimbayli, Abdulla"]
[Result "1/2-1/2"]
[ECO "C17"]
[WhiteElo "2187"]
[BlackElo "2294"]
[Annotator ""]
[PlyCount "87"]
[EventDate "2016.??.??"]
[EventType "team-tourn"]
[EventCountry "AZE"]
[SourceTitle "playchess.com"]
[Source "ChessBase"]
[WhiteTeam "Zimbabwe"]
[BlackTeam "Azerbaijan"]
[WhiteTeamCountry "ZIM"]
[BlackTeamCountry "AZE"]
[TimeControl "40/5400+30:1800+30"]

1. e4 {(00:00)} e6 {(00:00)} 2. d4 {(00:00)} d5 {(
00:00)} 3. Nc3 {(00:00)} Bb4 {(01:03)} 4. e5 {(00:00)} c5
{(00:09)} 5. Bd2 {(00:00)} Ne7 {(10:11)} 6. Nb5 {(
00:38)} Bxd2+ {(01:09)} 7. Qxd2 {(00:05)} O-O {(01:32)} 8.
f4 {(00:37)} Nbc6 {(09:13)} 9. Nf3 {(03:14)} a6 10. Nd6 {
(00:11)} cxd4 {(10:29)} 11. Bd3 {(01:31)} f6 {(03:
07)} 12. O-O {(00:39)} Bd7 {(15:53)} 13. a3 {(16:38)} Nc8
{(10:38)} 14. Nxc8 {(04:12)} Rxc8 {(00:40)} 15. Rae1 {
(01:36)} f5 {(08:36)} 16. Qf2 {(02:43)} b5 {(04:56]
} 17. Kh1 {(02:13)} Qe7 {(02:14)} 18. Nxd4 {(14:28)} Nxd4
{(01:01)} 19. Qxd4 {(00:04)} Qc5 {(01:55)} 20. Qxc5 {
(05:46)} Rxc5 {(00:03)} 21. Kg1 {(01:25)} Rb8 {(02:
18)} 22. Ra1 {(01:52)} Kf7 {(08:47)} 23. Kf2 {(07:12)} d4
{(02:05)} 24. Rfc1 {(03:36)} Rbc8 {(02:44)} 25. Ke2 {
(00:26)} Bc6 26. g3 {(00:20)} Be4 {(02:15)} 27. Kd2 {
(00:26)} R8c7 {(00:33)} 28. Bxe4 {(14:36)} fxe4 {(
00:03)} 29. c3 {(00:31)} Rc4 {(01:24)} 30. Rc2 {(08:14)}
Rd7 {(01:13)} 31. cxd4 {(04:20)} Rdxd4+ {(00:20)} 32. Kc1
{(04:06)} e3 {(00:20)} 33. Rxc4 {(03:17)} Rxc4+ {(
00:44)} 34. Kd1 {(00:02)} Rd4+ {(00:20)} 35. Ke2 {(00:01)}
Rd2+ {(00:07)} 36. Kxe3 {(00:01)} Rxb2 {(00:23)} 37. Rd1 {
(00:28)} Ke7 {(00:36)} 38. Rd6 {(01:27)} Rb3+ {(00:
24)} 39. Rd3 {(01:42)} Rb2 {(00:07)} 40. Rc3 {(00:00)} Kd7
{(00:00)} 41. Rd3+ {(00:40)} Ke7 {(01:49)} 42. Rc3 {
(04:29)} Kd7 {(01:02)} 43. Rd3+ {(01:32)} Ke7 {(01:
42)} 44. Rc3 {(03:16)} 1/2-1/2